 Dungeon Crawl Stone Soup version 0.18.1-6-gd335043 (webtiles) character file.

6182 Denapoli the Grappler (level 10, -7/102 HPs)
             Began as a Troll Monk on May 18, 2016.
             Was a High Priest of Okawaru.
             Mangled by an orc warrior
             ... wielding a +0 trident
              (17 damage)
             ... on level 9 of the Dungeon.
             The game lasted 00:16:52 (7349 turns).

Denapoli the Grappler (Troll Monk)                  Turns: 7349, Time: 00:16:52

Health: -7/102     AC:  7    Str: 24    XL:     10   Next: 60%
Magic:  9/11       EV: 23    Int:  6    God:    Okawaru [*****.]
Gold:   421        SH:  0    Dex: 17    Spells: 0 memorised, 9 levels left

rFire  + + .     SeeInvis .       - Unarmed
rCold  + . .     Gourm    +     a - +0 robe
rNeg   . . .     Faith    .     (no shield)
rPois  +         Spirit   .     (helmet restricted)
rElec  +         Dismiss  .     x - +1 cloak
rCorr  +         Reflect  .     (gloves unavailable)
SustAt .         Harm     .     (boots unavailable)
MR     .....                    (no amulet)
Stlth  ++++......               j - ring of fire
                                t - ring of protection from cold

@: agile, resistant, heroism, very slightly contaminated, not resistant to
hostile enchantments, stealthy
A: unfitting armour, claws 3, fast metabolism 3, gourmand, regeneration 2,
shaggy fur 1, tough skin 2
a: Heroism, Finesse, Renounce Religion


You were on level 9 of the Dungeon.
You worshipped Okawaru.
Okawaru was extremely pleased with you.
You were very full.

You visited 1 branch of the dungeon, and saw 9 of its levels.
You also visited: Sewer and Ossuary.

You collected 421 gold pieces.

Inventory:

Hand Weapons
 s - a +2 great sword of electrocution
Armour
 a - a +0 robe (worn)
 x - a +1 cloak (worn)
Jewellery
 g - an uncursed ring of wizardry
 j - a ring of fire (right claw)
 t - a ring of protection from cold (left claw)
 v - an uncursed ring of resist corrosion
Scrolls
 d - 2 scrolls of random uselessness
 e - 6 scrolls of magic mapping
 i - 4 scrolls of enchant weapon
 n - 2 scrolls of enchant armour
 r - a scroll of identify
 C - 3 scrolls of teleportation
 D - a scroll of remove curse
 F - a scroll of fog
Potions
 h - a potion of brilliance
 o - 3 potions of flight
 q - 4 potions of magic
 z - a potion of berserk rage
Comestibles
 b - 5 bread rations
 c - 6 beef jerkies
 f - a royal jelly
 k - 5 chunks of flesh
 l - 5 meat rations
 A - 4 fruits


   Skills:
 + Level 7.2(12.2) Fighting
 + Level 7.0(12.0) Dodging
 - Level 1.1(6.1) Stealth
 * Level 11.6(16.6) Unarmed Combat
 + Level 2.6 Invocations


You had 9 spell levels left.
You didn't know any spells.

Dungeon Overview and Level Annotations

Branches:
Dungeon (9/15)             Temple (0/1) D:7
   Lair: D:8-11         Orc: D:9-12

Altars:
Gozag
Okawaru

Shops:
D:4 !


Innate Abilities, Weirdness & Mutations

You are too large for most types of armour.
You have claws for hands.
Your metabolism is lightning-fast.
You like to eat raw meat.
You heal very quickly.
You are covered in fur (AC +1).
You have very tough skin (AC +2).


Message History

The orc warrior hits you from afar with a trident.
* * * LOW HITPOINT WARNING * * *
You feel less woody.
Your +1 cloak unmelds from your body.
Your +0 robe unmelds from your body.
The orc warrior barely misses you.
You flicker back into view.
The orc warrior completely misses you.
You claw the orc warrior!
The orc warrior is heavily wounded.
You closely miss the orc warrior.
The orc warrior is heavily wounded.
The orc warrior hits you with a trident!
* * * LOW HITPOINT WARNING * * *
You closely miss the orc warrior.
The orc warrior is heavily wounded.
The orc warrior barely misses you.
You gain the combat prowess of a mighty hero.
You feel slightly less full.
The orc warrior hits you with a trident!
You die...

##.....>.#####...
##..........##.#########
........###.[...........
.........###............
.............#..........
.........###............
.##.....###..#..........
..##....................
#.####......##..@.......
.....<....######o#######
#...).....# #%##
###)##....# ##..####
#.#.....# ###.†..†.###
#...#...###.......P..##
#....##...##..P.P...P...#
..##.##...##...P...P.P..#
##
#.##...#.P............#


You could see an orc warrior.

Vanquished Creatures
  The ghost of Denapoli the Changer, a novice DrTm of Makhleb (D:7)
  Sigmund (D:3)
  A hippogriff (D:8)
  Eustachio (D:4)
  Menkaure (D:7)
  Duvessa (D:5)
  A black bear (D:7)
  3 ice beasts
  5 sky beasts
  3 phantoms
  6 ogres
  2 centaurs
  2 big kobolds
  An elf zombie (Ossuary)
  7 giant frogs
  Dowan (D:5)
  4 scorpions (D:7)
  14 killer bees
  5 wights
  2 howler monkeys
  3 crimson imps
  A quasit (D:7)
  A hound (D:4)
  8 centaur zombies
  A jelly (D:7)
  2 orc priests
  4 human zombies (Ossuary)
  Crazy Yiuf (D:4)
  2 centaur skeletons (D:4)
  4 orc wizards
  4 iguanas
  5 worker ants
  A hound skeleton (D:7)
  3 mummies (Ossuary)
  Robin (D:3)
  12 adders
  2 howler monkey skeletons
  3 river rats
  An ooze (D:5)
  An adder zombie (D:8)
  An adder skeleton (D:6)
  2 worms
  A dart slug (D:2)
  7 giant geckos
  11 orcs
  7 ball pythons
  4 giant cockroaches
  15 goblins
  6 hobgoblins
  6 jackals
  12 kobolds
  6 quokkas
  18 bats
  A giant gecko skeleton (D:7)
  3 giant newts
  A jackal skeleton (D:8)
  26 rats
  A fungus (D:7)
250 creatures vanquished.

Vanquished Creatures (others)
  12 fungi
  A plant (D:9)
13 creatures vanquished.

Grand Total: 263 creatures vanquished

Notes
Turn   | Place    | Note
--------------------------------------------------------------
     0 | D:1      | Denapoli the Troll Monk began the quest for the Orb.
     0 | D:1      | Reached XP level 1. HP: 22/22 MP: 0/0
    84 | D:1      | Reached XP level 2. HP: 29/29 MP: 1/1
  1001 | D:2      | Reached XP level 3. HP: 31/36 MP: 2/2
  1311 | D:2      | Found an iron altar of Okawaru.
  1467 | D:2      | Became a worshipper of Warmaster Okawaru
  1467 | D:2      | Reached * piety under Okawaru
  1467 | D:2      | Reached ** piety under Okawaru
  1660 | D:3      | Noticed Robin
  1684 | D:3      | Reached XP level 4. HP: 44/44 MP: 0/3
  1695 | D:3      | Killed Robin
  1701 | D:3      | Noticed Sigmund
  1711 | D:3      | Killed Sigmund
  1711 | D:3      | Reached skill level 5 in Unarmed Combat
  1711 | D:3      | Reached XP level 5. HP: 20/53 MP: 2/4
  2021 | D:3      | Reached XP level 6. HP: 60/61 MP: 5/5
  2352 | D:4      | Found Suyxzist's Distillery.
  2409 | D:4      | Reached skill level 6 in Unarmed Combat
  2553 | D:4      | Noticed Eustachio
  2558 | D:4      | Reached XP level 7. HP: 49/68 MP: 3/6
  2602 | D:4      | Killed Eustachio
  2708 | D:4      | Reached skill level 7 in Unarmed Combat
  2729 | D:4      | Found a glowing drain.
  2733 | Sewer    | Entered a sewer
  2804 | Sewer    | Reached *** piety under Okawaru
  2840 | Sewer    | Found a glowing silver altar of Zin.
  3206 | D:4      | Noticed Crazy Yiuf
  3211 | D:4      | Killed Crazy Yiuf
  3249 | D:5      | Entered Level 5 of the Dungeon
  3361 | D:5      | Noticed Duvessa
  3362 | D:5      | Noticed Dowan
  3369 | D:5      | Killed Duvessa
  3369 | D:5      | Reached XP level 8. HP: 75/79 MP: 5/7
  3373 | D:5      | Killed Dowan
  3486 | D:5      | Reached skill level 8 in Unarmed Combat
  4193 | D:6      | Reached skill level 5 in Fighting
  4298 | D:6      | Found a sand-covered staircase.
  4303 | Ossuary  | Entered an ossuary
  4358 | Ossuary  | Reached **** piety under Okawaru
  4358 | Ossuary  | Reached skill level 5 in Dodging
  4453 | Ossuary  | Reached skill level 9 in Unarmed Combat
  4573 | D:6      | Reached XP level 9. HP: 52/88 MP: 5/8
  4669 | D:6      | Found an opulent altar of Gozag.
  5070 | D:7      | Noticed Denapoli's ghost (novice DrTm)
  5124 | D:7      | HP: 3/89 [Denapoli's ghost (10)]
  5129 | D:7      | Killed Denapoli's ghost
  5129 | D:7      | Reached skill level 10 in Unarmed Combat
  5310 | D:7      | Found a staircase to the Ecumenical Temple.
  5670 | D:7      | Reached ***** piety under Okawaru
  5711 | D:7      | Noticed Menkaure
  5715 | D:7      | Killed Menkaure
  5970 | D:8      | Reached XP level 10. HP: 68/100 MP: 9/9
  6171 | D:8      | Reached skill level 1 in Invocations
  6294 | D:8      | Reached skill level 11 in Unarmed Combat
  6310 | D:8      | Found Eviph's Assorted Antiques.
  6933 | D:9      | Received a gift from Okawaru
  7349 | D:9      | Mangled by an orc warrior

Skill      XL: |  1  2  3  4  5  6  7  8  9 10 |
---------------+-------------------------------+-----
Dodging        | 3 4 5 6 7 |  7.0
Fighting       | 3 4 5 6 7 |  7.2
Unarmed Combat | 5 6 7 9 10 11 | 11.6
Invocations    | 2 |  2.6
Stealth        | |  1.1

Action                   |  1- 3 |  4- 6 |  7- 9 | 10-12 || total
-------------------------+-------+-------+-------+-------++-------
Melee: Unarmed           |    93 |    60 |   389 |   177 ||   719
       Punch             |     2 |     1 |    15 |     7 ||    25
Invok: Heroism           |     1 |     1 |     6 |     4 ||    12
  Use: Scroll            |       |     6 |    16 |       ||    22
       Potion            |       |       |     8 |     9 ||    17
 Stab: Sleeping          |     2 |     3 |     3 |     1 ||     9
       Distracted        |       |     1 |       |       ||     1
  Eat: Chunk             |    14 |    12 |    36 |    12 ||    74
Armor: Robe              |    31 |     9 |   122 |    70 ||   232
       Skin              |       |       |     3 |    67 ||    70
Dodge: Dodged            |    55 |    31 |   220 |   122 ||   428
